 Dungeon Crawl Stone Soup version 0.31-a0-819-gf6de2f5ab6 (webtiles) character file.

Game seed: 4469032506001848912

7999 ooooo the Destroyer (level 11, -1/74 HPs)
             Began as an Octopode Conjurer on Sept 23, 2023.
             Was an Initiate of Gozag.
             Slain by Sonja
             ... wielding a +4 dagger of distortion
              (7 damage)
             ... on level 11 of the Dungeon on Sept 24, 2023.
             The game lasted 00:44:58 (18951 turns).

ooooo the Destroyer (Octopode Conjurer)            Turns: 18951, Time: 00:44:58

Health: -1/74      AC:  3    Str:  7    XL:     11   Next: 24%
Magic:  2/17       EV: 15    Int: 25    God:    Gozag
Gold:   1556       SH:  5    Dex: 10    Spells: 3/18 levels left

rFire   + . .        G - +7 staff of the Meek {protect, meekguard}
rCold   + . .        (shield currently unavailable)
rNeg    . . .        (helmet restricted)
rPois   .            y - amulet of reflection
rElec   .            p - ring of protection from fire
rCorr   .            (no ring)
SInv    .            (no ring)
Will    .....        (no ring)
Stlth   +++++        (no ring)
HPRegen 0.32/turn    (no ring)
MPRegen 0.15/turn    (no ring)
                     (no ring)

%: reflection
@: gold aura, slowed, very slow
A: almost no armour, amphibious, 8 rings, camouflage 1, gelatinous body 1,
(nimble swimmer 1), tentacles, iridescent scales 1, cold resistance 1,
MP-powered wands
a: Renounce Religion, Potion Petition, Call Merchant, Bribe Branch


You were on level 11 of the Dungeon.
You worshipped Gozag.
Gozag was most pleased with you.
You visited 2 branches of the dungeon, and saw 12 of its levels.
You also visited: Sewer and Bailey.

You collected 2449 gold pieces.
You paid 893 gold pieces to Gozag.

Inventory:

Hand Weapons
 l - a +2 dagger of venom
 v - a +2 dagger of venom
 z - a +3 long sword of holy wrath
 A - a +0 hand axe
 G - the +7 staff of the Meek (weapon) {protect, meekguard}
   (You found it on level 7 of the Dungeon)
 J - a +2 short sword of venom
 L - a +1 short sword of flaming
 P - a +3 dagger
Missiles
 g - 31 poisoned darts
 E - a throwing net
Armour
 w - a +0 buckler
Magical Staves
 x - a staff of earth
Jewellery
 p - a ring of protection from fire (left tentacle)
 y - an amulet of reflection (around mantle)
 H - a ring of flight
 Q - an amulet of the acrobat
Talismans
 i - a serpent talisman
 I - a serpent talisman
Wands
 n - a wand of flame (27)
 q - a wand of charming (5)
 K - a wand of mindburst (11)
 M - a wand of digging (2)
Scrolls
 c - a scroll of silence
 f - 3 scrolls of blinking
 h - 4 scrolls of fear
 j - 2 scrolls of fog
 m - a scroll of vulnerability
 o - 2 scrolls of enchant armour
 r - 2 scrolls of revelation
 s - 3 scrolls of immolation
 t - 5 scrolls of teleportation
 u - a scroll of poison
 B - a scroll of acquirement
 C - a scroll of butterflies {unknown}
 F - a scroll of noise {unknown}
 O - 4 scrolls of identify
Potions
 a - 4 potions of enlightenment
 b - 4 potions of haste
 d - 2 potions of cancellation
 e - 2 potions of berserk rage
 k - a potion of resistance
 D - 3 potions of might
 N - a potion of invisibility {unknown}


   Skills:
 * Level 6.5 Fighting
 * Level 6.9 Dodging
 + Level 8.2 Stealth
 + Level 0.8 Shields
 + Level 4.4 Spellcasting
 * Level 8.8 Conjurations
 + Level 4.9 Hexes
 + Level 4.1 Translocations
 + Level 5.0 Evocations
 + Level 4.4 Shapeshifting


You had 3 spell levels left.
You knew the following spells:

 Your Spells              Type           Power      Damage    Failure   Level
a - Searing Ray           Conj           98%        2d8       1%          2
b - Magic Dart            Conj           100%       1d8       1%          1
c - Fulminant Prism       Conj/Hex       20%        3d12      4%          4
d - Iskenderun's Mystic   Conj/Tloc      38%        2d9       6%          4
e - Passage of Golubria   Tloc           26%        N/A       16%         4

Your spell library contained the following spells:

 Spells                   Type           Power      Damage    Failure   Level
 Dazzling Flash           Conj/Hex       80%        N/A       1%          3
 Lesser Beckoning         Tloc           52%        N/A       2%          2
 Static Discharge         Conj/Air       54%        2-5/arc   2%          2
 Tukima's Dance           Hex            30%        N/A       3%          3
 Gell's Gravitas          Tloc           26%        N/A       4%          3
 Stone Arrow              Conj/Erth      54%        3d10      4%          3
 Teleport Other           Tloc           26%        N/A       4%          3
 Sandblast                Erth           10%        2d5       9%          1
 Sting                    Tmut/Pois      20%        1d4       9%          1
 Passwall                 Tmut/Erth      4%         N/A       13%         2
 Poisonous Vapours        Pois/Air       10%        N/A       13%         2
 Scorch                   Fire           10%        2d5       13%         2
 Brom's Barrelling Bould  Conj/Erth      27%        2d5       14%         4
 Flame Wave               Conj/Fire      27%        2d9       14%         4
 Airstrike                Air            2%         2d(1-17)  65%         4
 Olgreb's Toxic Radiance  Pois           5%         N/A       65%         4
 Summon Lightning Spire   Summ/Air       5%         N/A       65%         4
 Yara's Violent Unravell  Hex/Tmut       8%         3d5       65%         5
 Summon Cactus Giant      Summ           2%         N/A       100%        6


Dungeon Overview and Level Annotations

Branches:
Dungeon (11/15) Zot: 26612  Temple (1/1) D:5 Zot: 5965    Lair (0/5) D:11
    Orc (0/2) D:9           Sewer (visited)          Bailey (visited)

Altars:
Ashenzari
Cheibriados
Dithmenos
Elyvilon
Fedhas
Gozag
Hepliaklqana
Kikubaaqudgha
Makhleb
Nemelex Xobeh
Okawaru
Qazlal
Ru
Sif Muna
Trog
Uskayaw
Vehumet
Wu Jian
Xom
Yredelemnul
Zin
The Shining One

Shops:
D:9 [

Annotations:
D:6 Sigmund
D:11 exclusion: 2 oklob plants, Sonja


Innate Abilities, Weirdness & Mutations

You cannot wear most types of armour.
You are amphibious.
You can wear up to eight rings at the same time.
Your skin changes colour to match your surroundings (Stealth+).
Your rubbery body absorbs attacks. (AC +1, EV +1)
((You are camouflaged when in or above water. (Stealth+)))
You have tentacles for arms and can constrict up to eight enemies at once.
You are partially covered in iridescent scales. (AC +2)
Your flesh is cold resistant. (rC+)
You expend magic power (3 MP) to strengthen your wands.


Message History

The manticore is charmed.
You feel sick.
Sonja hits your manticore with a +4 dagger of distortion.
Your manticore blinks!
Sonja mumbles some strange words.
Sonja blinks!
You feel sick.
You are no longer poisoned.
Your magical contamination has completely faded away.
There is an open door here.
What are your orders? t - Shout!
Orders for allies: a - Attack new target. p - Attack previous target. r - Retreat! s - Stop attacking. g - Guard the area. f - Follow me.
Anything else - Cancel.
Gang up on whom?
Press: ? - help, Dir - move target, f - Sonja, p - manticore
Aim: Sonja, wielding a +4 dagger of distortion and quivering curare-tipped darts (almost dead) Attack!
Sonja throws a curare-tipped dart.
The curare-tipped dart hits your manticore.
Your manticore is poisoned.
Your manticore convulses.
Your manticore seems to slow down.
Your manticore misses Sonja.
Your manticore claws Sonja.
Your manticore completely misses Sonja.
Sonja hits your manticore with a +4 dagger of distortion!
Space warps around your manticore.
Sonja hits your manticore with a +4 dagger of distortion.
Space warps around your manticore.
Sonja hits your manticore with a +4 dagger of distortion.
Space warps horribly around your manticore!!
Your manticore dies!
Sonja casts a spell.
Sonja blinks!
Sonja hits you with a +4 dagger of distortion!
* * * LOW HITPOINT WARNING * * *
Space warps horribly around you!
* * * LOW HITPOINT WARNING * * *
Sonja hits you with a +4 dagger of distortion!
You die...
Your body crumbles into a pile of gold.

.....#..# >.$?≈#.##
.*$..#.# #########
.P##.$.### #.......#
..#......# #.......#
≈...#....#######.......#
####.....'..§..#.......#
.'.......#####.K.......#
##.......# ###@......#
#...^...# #.......#
#.......# #.......#
#.......# #.......#
#####+### ###'##### #..#
##.# #.# #.#


You could see Sonja.

Vanquished Creatures
  A two-headed ogre (D:8)
  An orc knight (Bailey)
  An oklob plant (D:11)
  A troll (D:11)
  A shadow (D:9)
  2 vampires (D:10)
  10 yaks (D:9)
  2 vampire mosquitoes (D:9)
  An acid dragon (D:9)
  5 ice beasts
  9 orc warriors
  Pargi (Sewer)
  3 centaurs
  3 phantoms
  4 kobold brigands
  3 bullfrogs
  A gnoll sergeant (D:9)
  4 scorpions
  4 howler monkeys
  An electric eel (D:10)
  2 jellies
  A hound (D:4)
  11 orc priests
  2 gnoll boudas (D:7)
  2 sleepcaps
  3 iguanas (D:6)
  11 orc wizards
  15 gnolls
  10 adders
  3 white imps
  A worm (D:2)
  2 dart slugs
  44 orcs
  5 bats
  4 bat zombies (D:4)
  5 endoplasms
  6 giant cockroaches
  12 goblins
  8 hobgoblins
  7 jackals (D:3)
  3 quokkas
  9 ball pythons
  9 frilled lizards
  28 kobolds
  7 rats
  3 rat zombies (D:4)
271 creatures vanquished.

Vanquished Creatures (others)
  A manticore (D:11)
  100 fulminant prisms
101 creatures vanquished.

Grand Total: 372 creatures vanquished

Notes
Turn   | Place    | Note
-------+----------+-------------------------------------------
     0 | D:1      | ooooo the Octopode Conjurer began the quest for the Orb.
     0 | D:1      | Reached XP level 1. HP: 11/11 MP: 3/3
   159 | D:1      | Reached XP level 2. HP: 17/17 MP: 5/5
   162 | D:1      | Learned a level 2 spell: Searing Ray
   560 | D:1      | Reached XP level 3. HP: 21/21 MP: 3/6
  1585 | D:2      | Reached skill level 5 in Conjurations
  1686 | D:2      | Reached XP level 4. HP: 27/27 MP: 7/7
  2107 | D:2      | Learned a level 4 spell: Fulminant Prism
  2367 | D:3      | Reached skill level 1 in Fighting
  3005 | D:3      | Reached XP level 5. HP: 33/33 MP: 8/8
  3068 | D:4      | Reached skill level 1 in Hexes
  3069 | D:4      | Reached skill level 1 in Shapeshifting
  3089 | D:4      | Found a glowing drain.
  3098 | Sewer    | Entered a sewer
  3273 | Sewer    | Noticed Pargi
  3330 | Sewer    | Killed Pargi
  3331 | Sewer    | Reached XP level 6. HP: 38/38 MP: 0/9
  3584 | D:4      | Found an iron altar of Okawaru.
  3863 | D:4      | Found an ancient bone altar of Kikubaaqudgha.
  3964 | D:5      | Entered Level 5 of the Dungeon
  4151 | D:5      | Found a basalt altar of Yredelemnul.
  4394 | D:5      | Reached skill level 1 in Evocations
  4436 | D:5      | Upgraded the game from 0.31-a0-818-ge7c7cf74f0 to
                  | 0.31-a0-819-gf6de2f5ab6
  4500 | D:5      | Noticed an ice beast
  4561 | D:5      | Reached XP level 7. HP: 43/45 MP: 4/10
  4616 | D:5      | Found Lumnatigg's Jewellery Shop.
  4881 | D:5      | Found a staircase to the Ecumenical Temple.
  4888 | Temple   | Entered the Ecumenical Temple
  4905 | Temple   | Became a worshipper of Gozag Ym Sagoz the Greedy
  5487 | D:5      | Reached skill level 5 in Stealth
  5487 | D:5      | Reached XP level 8. HP: 51/51 MP: 2/11
  5566 | D:5      | Learned a level 4 spell: Iskenderun's Mystic Blast
  6633 | D:6      | Noticed Sigmund
  6724 | D:6      | Reached skill level 1 in Translocations
  7860 | D:6      | Found a shadowy altar of Dithmenos.
  8690 | D:7      | Gained mutation: You expend magic power (3 MP) to
                  | strengthen your wands. [potion of mutation]
  8690 | D:7      | Gained mutation: You have hidden genetic potential. [potion
                  | of mutation]
  8748 | D:7      | Reached XP level 9. HP: 24/58 MP: 7/13
  9802 | D:7      | Gained mutation: You are partially covered in iridescent
                  | scales. (AC +2) [hidden potential]
 10061 | D:7      | Found the +7 staff of the Meek {protect, meekguard}
 10170 | D:7      | Reached skill level 5 in Dodging
 10685 | D:8      | Found a flagged portal.
 10699 | Bailey   | Entered a bailey
 10758 | Bailey   | Noticed an orc knight
 11520 | Bailey   | Killed an orc knight
 11521 | Bailey   | Reached skill level 5 in Fighting
 11521 | Bailey   | Reached XP level 10. HP: 66/66 MP: 0/15
 12176 | D:8      | Noticed a two-headed ogre
 12188 | D:8      | Killed a two-headed ogre
 16011 | D:8      | Identified a scroll of acquirement
 16027 | D:9      | Found a staircase to the Orcish Mines.
 16027 | D:9      | Found Ninucle's Armour Boutique.
 16450 | D:9      | Reached XP level 11. HP: 53/72 MP: 6/17
 16936 | D:9      | Learned a level 4 spell: Passage of Golubria
 16961 | D:10     | Entered Level 10 of the Dungeon
 18288 | D:10     | Found a sacrificial altar of Ru.
 18288 | D:10     | Found a burning altar of Makhleb.
 18288 | D:10     | Found a white marble altar of Elyvilon.
 18611 | D:11     | Noticed an oklob plant
 18615 | D:11     | Found a staircase to the Lair.
 18643 | D:11     | Gained mutation: Your flesh is cold resistant. (rC+)
                  | [hidden potential]
 18643 | D:11     | Lost mutation: You have hidden genetic potential. [hidden
                  | potential expressed]
 18657 | D:11     | Noticed an oklob plant
 18670 | D:11     | Killed an oklob plant
 18671 | D:11     | Reached skill level 5 in Evocations
 18878 | D:11     | Noticed a manticore
 18932 | D:11     | Noticed Sonja
 18951 | D:11     | Slain by Sonja

Illustrated notes

Levels and vault maps discovered:
D:1:      dpeg_arrival_lava_altar, layout_rooms, minmay_split_cup_small
D:2:      wander_river, layout_loops_ring, minmay_fractal_squares_5
D:3:      layout_basic, grunt_ministairs_12
D:4:      layout_gridville, lemuel_zombie_altar_kikubaaqudgha, okawaru_trees_1,
          portal_sewer_entry_a
D:5:      layout_loops_corners, yredelemnul_altar_generic,
          minmay_temple_entry_tees, serial_shops,
          nicolae_shop_pleasant_corner_grove, corexii_hall_statues_x
D:6:      layout_basic, old_standard_altar, abandoned_shop,
          kennysheep_generic_room_4, uniq_sigmund
D:7:      layout_cave_pods, pf_guarded_unrand_meek
D:8:      layout_gridville, enter_bailey_4
D:9:      layout_loops_ring, orc_david_3, feat_on_display
D:10:     layout_stronghold, gammafunk_temple_overflow_claw,
          minmay_crystal_water
D:11:     layout_roguey, dpeg_oklobed_lair, uniq_maurice, uniq_sonja
Temple:   nicolae_temple_bog_church

Skill      XL: |  1  2  3  4  5  6  7  8  9 10 11 |
---------------+----------------------------------+-----
Stealth        | 3 4 5 7 8 |  8.2
Conjurations   | 5 6 7 8 |  8.8
Fighting       | 1 2 3 5 6 |  6.5
Hexes          | 1 2 3 4 |  4.9
Shapeshifting  | 1 2 3 4 |  4.4
Evocations     | 1 2 3 4 5 |  5.0
Dodging        | 3 4 5 6 |  6.9
Translocations | 1 2 3 4 |  4.1
Spellcasting   | 3 4 |  4.4
Shields        | |  0.8

Action                     |  1- 3 |  4- 6 |  7- 9 | 10-12 || total
---------------------------+-------+-------+-------+-------++-------
  Melee: Dagger            |    31 |    48 |    46 |       ||   125
         Tentacles         |     7 |     4 |    13 |    13 ||    37
         Constrict         |     6 |    10 |    18 |     8 ||    42
         Punch             |     1 |     1 |       |       ||     2
         Quarterstaff      |       |       |    12 |    66 ||    78
   Cast: Magic Dart        |     3 |     1 |       |       ||     4
         Searing Ray       |    22 |    19 |    47 |     6 ||    94
         Fulminant Prism   |       |       |    36 |    64 ||   100
         Iskenderun's Myst |       |       |     6 |    14 ||    20
 Invoke: Potion Petition   |       |       |       |     1 ||     1
  Evoke: Wand              |       |       |     7 |    11 ||    18
    Use: Scroll            |       |     7 |     9 |     3 ||    19
         Potion            |       |     1 |     4 |     1 ||     6
   Stab: Sleeping          |     5 |    12 |     2 |     1 ||    20
         Distracted        |       |     2 |       |       ||     2
 Armour: Skin              |    17 |    37 |    54 |    54 ||   162
  Dodge: Dodged            |    23 |    34 |    88 |    70 ||   215
  Block: Other             |       |       |    28 |    20 ||    48
         Reflection        |       |       |     6 |     2 ||     8

Table legend: (Time is in decaauts)
 A = Elapsed time spent in this place.
 B = Non-inter-level travel time spent in this place.
 C = Inter-level travel time spent in this place.
 D = Time resting spent in this place.
 E = Time spent auto-exploring this place.
 F = Levels seen in this place.
 G = Mean time per level.
                   A        B        C        D        E       F      G
               +--------+--------+--------+--------+--------+-----+--------+
         Total |  18997 |  18357 |    640 |   7781 |   7928 |  14 | 1356.9 |
       Dungeon |  17348 |  16740 |    608 |   6952 |   7632 |  11 | 1577.1 |
        Temple |     34 |      2 |     32 |      0 |      0 |   1 |   34.0 |
         Sewer |    372 |    372 |      0 |    150 |    134 |   1 |  372.0 |
        Bailey |   1241 |   1241 |      0 |    679 |    162 |   1 | 1241.0 |
               +--------+--------+--------+--------+--------+-----+--------+

Top non-repeatable levels by time:
     D:8: 3846 daAuts
     D:6: 2515 daAuts
     D:5: 2108 daAuts
     D:9: 1867 daAuts
     D:7: 1774 daAuts
    D:10: 1261 daAuts
  Bailey: 1241 daAuts
     D:2: 1176 daAuts
     D:1: 938 daAuts
     D:3: 921 daAuts
     D:4: 552 daAuts
    D:11: 385 daAuts
   Sewer: 372 daAuts
  Temple: 34 daAuts
